 Dungeon Crawl Stone Soup version 0.31-a0-859-g9dce7d3444 (webtiles) character file.

Game seed: 13207662605070813630

329 Kurtz the Sneak (level 6, -1/56 HPs)
             Began as a Naga Delver on Oct 9, 2023.
             Was an Initiate of Qazlal.
             Slain by Edmund
             ... wielding a +4 dire flail of holy wrath
              (13 damage)
             ... on level 4 of the Dungeon.
             The game lasted 00:04:30 (3329 turns).

Kurtz the Sneak (Naga Delver)                       Turns: 3329, Time: 00:04:32

Health: -1/56      AC:  8    Str: 17    XL:     6   Next: 50%
Magic:  6/6        EV: 20    Int: 10    God:    Qazlal [......]
Gold:   209        SH:  0    Dex: 12    Spells: 5/5 levels left

rFire   . . .        B - +0 war axe
rCold   . . .        (no shield)
rNeg    . . .        w - +0 chain mail
rPois   +            v - +1 hat
rElec   .            (no cloak)
rCorr   .            h - +0 pair of gloves
SInv    +            (no barding)
Will    .....        l - amulet of the acrobat
Stlth   +            (no ring)
HPRegen 0.29/turn    (no ring)
MPRegen 0.10/turn

%: acrobat
@: acrobatic, very slow
A: AC +2, large, see invisible, deformed body, poison resistance, slowness 2,
spit poison 1, naga tail 1
a: Spit Poison, Renounce Religion


You were on level 4 of the Dungeon.
You worshipped Qazlal.
Qazlal was noncommittal.
You visited 2 branches of the dungeon, and saw 6 of its levels.

You collected 209 gold pieces.

Inventory:

Hand Weapons
 a - a +0 hand axe
 A - the +7 mace "Hudo Sub" {distort, Fly rC- rN++}
   (You found it on level 3 of the Dungeon)

   rC-:       It makes you vulnerable to cold.
   rN++:      It greatly protects you from negative energy.
   Fly:       It grants you flight.
 B - a +0 war axe (weapon)
Missiles
 y - a throwing net
 D - 3 poisoned darts
Armour
 h - a +0 pair of gloves (worn)
 v - a +1 hat (worn)
 w - a +0 chain mail (worn)
Jewellery
 l - an amulet of the acrobat (around neck)
Wands
 g - a wand of digging (3)
 i - a wand of flame (17) (quivered)
Scrolls
 b - a scroll of blinking {unknown}
 c - a scroll of fog
 d - a scroll of revelation
 e - a scroll of poison {unknown}
 j - 6 scrolls of enchant armour {unknown}
 o - 4 scrolls of teleportation {unknown}
 p - a scroll of enchant weapon {unknown}
 r - 2 scrolls of silence {unknown}
 t - 3 scrolls of identify {unknown}
 C - a scroll of brand weapon {unknown}
Potions
 f - 2 potions of haste
 k - 4 potions of curing {unknown}
 m - 2 potions of resistance {unknown}
 n - 2 potions of lignification {unknown}
 q - a potion of enlightenment {unknown}
 s - a potion of might {unknown}
 u - 2 potions of brilliance {unknown}
 x - a potion of attraction {unknown}
 z - a potion of berserk rage {unknown}


   Skills:
 + Level 3.1 Fighting
 * Level 6.5 Axes
 - Level 1.5 Dodging
 - Level 7.2 Stealth
 * Level 1.0 Invocations


You had 5 spell levels left.
You didn't know any spells.
Your spell library contained the following spells:

 Spells                   Type           Power      Damage    Failure   Level
 Cigotuvi's Dreadful Rot  Necr/Pois/Air  0%         N/A       100%        2
 Dispel Undead            Necr           0%         3d6       100%        4
 Death Channel            Necr           0%         N/A       100%        6


Dungeon Overview and Level Annotations

Branches:
Dungeon (5/15)             Temple (1/1) D:4

Altars:
Dithmenos
Kikubaaqudgha
Qazlal
Ru
Sif Muna
Trog
Wu Jian
Yredelemnul
The Shining One

Annotations:
D:4 Edmund, Sigmund


Innate Abilities, Weirdness & Mutations

Your serpentine skin is tough. (AC +2)
You have supernaturally acute eyesight. (SInv)
Armour fits poorly on your strangely shaped body.
Your system is resistant to poisons. (rPois)
You cover ground very slowly.
You can spit poison.
You have a snake-like lower body.


Message History

No target in view!
Sigmund is nearby!
Sigmund is nearby!
Aiming: Throw Flame
Press: ? - help, Q - select action, (/) - cycle Shift-Dir - straight line, f - Sigmund
Aim: Sigmund, wielding a +0 scythe and wearing a +0 robe (wandering, hasn't noticed you, 64% to hit)
The puff of flame hits Sigmund.
Sigmund is lightly wounded.
Sigmund shouts!
Aiming: Spit Poison (1% risk of failure)
Press: ? - help, Shift-Dir - straight line, f/p - Sigmund
Aim: Sigmund, wielding a +0 scythe and wearing a +0 robe (lightly wounded, 54% to hit)
The splash of poison misses Sigmund.
Unknown command.
Edmund shouts!
You have got your breath back.
Sigmund casts a spell at you.
You easily resist.
Okay, then.
Sigmund flickers, as though insubstantial.
Sigmund gestures at you while chanting.
You easily resist.
Edmund misses you. Edmund attacks as he pursues you!
Edmund hits you with a +4 dire flail of holy wrath.
Edmund hits you but does no damage. Sigmund misses you.
Edmund hits you with a +4 dire flail of holy wrath!
Sigmund attacks as he pursues you!
Sigmund hits you from afar with a +0 scythe.
Edmund hits you with a +4 dire flail of holy wrath!
Sigmund casts a spell.
Sigmund flickers and vanishes for a moment.
Edmund attacks as he pursues you! Edmund closely misses you.
Edmund attacks as he pursues you!
Edmund hits you with a +4 dire flail of holy wrath!
* * * LOW HITPOINT WARNING * * *
Sigmund screams, "Don't try to resist!"
Edmund hits you with a +4 dire flail of holy wrath!
You die...
Edmund says, "That'll show my brother!"

..#...# ..#...###########
..#...##....#...#########
..#...).....#.#...#.....###
..#...........#...#.......#
..#.........###...#.......#
..#.##............#<......#
###....#.....##..........##
.......#.....###@####....#
.###.....#...###@####....########
.........'..........'....'......>
.........###...@.####....#######.
.........#.#........#....# #.
...##....#.#........###### #.
.....#.###.#........## #.
.....................# #.
.....................####### #.


You could see Edmund and Sigmund (invisible).

Vanquished Creatures
  A phantom (D:4)
  A jelly (D:4)
  A hound (D:4)
  Terence (D:3)
  An iguana (D:5)
  An orc wizard (Temple)
  4 adders
  A worm (D:2)
  3 dart slugs
  6 orcs
  5 endoplasms
  3 giant cockroaches
  7 hobgoblins
  2 quokkas
  4 ball pythons
  8 bats
  4 frilled lizards
  10 goblins
  6 kobolds
  A rat (D:1)
70 creatures vanquished.

Notes
Turn   | Place    | Note
-------+----------+-------------------------------------------
     0 | D:5      | Kurtz the Naga Delver began the quest for the Orb.
     0 | D:5      | Reached XP level 1. HP: 21/21 MP: 1/1
    26 | D:5      | Noticed an iguana
    37 | D:5      | Killed an iguana
    38 | D:5      | Reached XP level 2. HP: 14/28 MP: 2/2
    38 | D:5      | Reached XP level 3. HP: 17/34 MP: 3/3
   271 | D:3      | Noticed Terence
   284 | D:3      | Killed Terence
   408 | D:3      | Identified the +7 mace "Hudo Sub" {distort, Fly rC- rN++}
   447 | D:2      | Reached XP level 4. HP: 31/41 MP: 4/4
  1385 | D:2      | Reached skill level 5 in Axes
  1415 | D:2      | Reached XP level 5. HP: 47/47 MP: 5/5
  1801 | D:3      | Found a faded altar of an unknown god.
  2575 | D:4      | Found a staircase to the Ecumenical Temple.
  2580 | Temple   | Entered the Ecumenical Temple
  2670 | Temple   | Became a worshipper of Qazlal Stormbringer
  2938 | D:4      | Noticed Edmund
  2938 | D:4      | Noticed Sigmund
  2996 | D:4      | Noticed a phantom
  3082 | D:4      | Reached XP level 6. HP: 42/56 MP: 6/6
  3232 | D:4      | Found a shadowy altar of Dithmenos.
  3284 | D:4      | Reached skill level 1 in Invocations
  3329 | D:4      | Slain by Edmund

Illustrated notes

Levels and vault maps discovered:
D:1:      mainiacjoe_arrival_reflecting_pool, layout_rooms, minmay_octomino_j4
D:2:      layout_basic
D:3:      layout_loops_ring, shapermc_ecumenical_altar_starsandcircs,
          fountainhead, minmay_misc_feat_four_crosses, uniq_terence
D:4:      layout_basic, lemuel_tele_altar, minmay_temple_entry_wispy,
          sigmund_edmund_badplayer
D:5:      layout_loops_corners, mainiacjoe_overflow_catwalk, grunt_ministairs_12
Temple:   nicolae_temple_two_arcs

Skill      XL: |  1  2  3  4  5  6 |
---------------+-------------------+-----
Axes           | 3 4 5 6 |  6.5
Invocations    | 1 |  1.0
Fighting       | |  3.1
Dodging        | |  1.5
Stealth        | |  7.2

Action                     |  1- 3 |  4- 6 || total
---------------------------+-------+-------++-------
  Melee: Hand axe          |    21 |   196 ||   217
         Punch             |       |     4 ||     4
         War axe           |       |    47 ||    47
  Throw: Throwing net      |       |     1 ||     1
Ability: Spit Poison       |     3 |     2 ||     5
  Evoke: Wand              |       |     3 ||     3
    Use: Scroll            |       |     1 ||     1
   Stab: Sleeping          |     1 |     6 ||     7
 Armour: Leather armour    |    16 |    75 ||    91
         Chain mail        |       |   137 ||   137
  Dodge: Dodged            |    12 |   129 ||   141

Table legend: (Time is in decaauts)
 A = Elapsed time spent in this place.
 B = Non-inter-level travel time spent in this place.
 C = Inter-level travel time spent in this place.
 D = Time resting spent in this place.
 E = Time spent auto-exploring this place.
 F = Levels seen in this place.
 G = Mean time per level.
                   A        B        C        D        E       F      G
               +--------+--------+--------+--------+--------+-----+--------+
         Total |   4228 |   4055 |    173 |    480 |   2646 |   6 |  704.7 |
       Dungeon |   4002 |   3841 |    161 |    313 |   2646 |   5 |  800.4 |
        Temple |    226 |    214 |     12 |    167 |      0 |   1 |  226.0 |
               +--------+--------+--------+--------+--------+-----+--------+

Top non-repeatable levels by time:
     D:3: 1213 daAuts
     D:2: 1010 daAuts
     D:4: 905 daAuts
     D:1: 732 daAuts
  Temple: 226 daAuts
     D:5: 139 daAuts
